 Dungeon Crawl Stone Soup version 0.31.0-11-ge490571c62 (webtiles) character file.

Game seed: 14430950889321101425

350 qw the Skirmisher (level 6, -1/35 HPs)
             Began as a Deep Elf Hunter on Feb 3, 2024.
             Slain by a bullfrog (5 damage)
             ... on level 4 of the Dungeon.
             The game lasted 00:00:11 (2909 turns).

qw the Skirmisher (Deep Elf Hunter)                 Turns: 2909, Time: 00:00:11

Health: -1/35      AC:  7    Str: 10    XL:     6   Next: 34%
Magic:  8/8        EV: 16    Int: 14    God:
Gold:   189        SH:  0    Dex: 18    Spells: 5/5 levels left

rFire   . . .        a - +0 shortbow
rCold   + + .        (shield currently unavailable)
rNeg    . . .        p - +2 ring mail {rC+}
rPois   .            (no helmet)
rElec   .            (no cloak)
rCorr   .            (no gloves)
SInv    .            (no boots)
Will    .....        (no amulet)
Stlth   +            i - ring of protection from cold
HPRegen 0.25/turn    d - +5 ring of evasion
MPRegen 0.11/turn

%: no passive effects
@: no status effects
A: no striking features
a: no special abilities


You were on level 4 of the Dungeon.
You visited 1 branch of the dungeon, and saw 4 of its levels.

You collected 189 gold pieces.


   Skills:
 - Level 2.3 Fighting
 + Level 9.7 Ranged Weapons
 - Level 2.4 Dodging
 - Level 1.2 Stealth


You had 5 spell levels left.
You didn't know any spells.
Your spell library was empty.

Inventory:

Hand Weapons
 a - a +0 shortbow (weapon)
Armour
 p - a +2 ring mail of cold resistance (worn)
Jewellery
 d - a +5 ring of evasion (right hand)
 i - a ring of protection from cold (left hand)
Scrolls
 c - a scroll of identify
Potions
 b - 4 potions of curing
 e - a potion of haste
 j - a potion of lignification {unknown}
 n - a potion of degeneration {unknown}

Dungeon Overview and Level Annotations

Branches:
Dungeon (4/15)
 Temple: D:4-7

Altars:
Elyvilon


Message History

The bullfrog is moderately wounded.
The bullfrog hits you but does no damage.
You shoot an arrow. The arrow hits the bullfrog.
The bullfrog is moderately wounded.
The bullfrog hits you but does no damage.
The bullfrog barely misses you.
You shoot an arrow. The arrow hits the bullfrog.
The bullfrog is heavily wounded.
The bullfrog closely misses you. The orc priest closely misses you.
You shoot an arrow. The arrow hits the bullfrog.
The bullfrog is severely wounded.
The bullfrog barely misses you. The orc hits you but does no damage.
The orc priest invokes the aid of Beogh against you.
Beogh smites you!
The bullfrog hits you but does no damage.
You shoot an arrow. The arrow hits the bullfrog.
The bullfrog is severely wounded.
The bullfrog hits you. The orc misses you. x2
The orc priest hits you from afar with a +0 trident.
You shoot an arrow. The arrow barely misses the bullfrog.
The bullfrog hits you. The orc closely misses you.
The orc hits you with a +0 club. The orc priest barely misses you.
The bullfrog misses you.
You shoot an arrow. The arrow misses the bullfrog.
The bullfrog barely misses you. The orc misses you. The orc closely misses you.
The orc priest mumbles some strange prayers to Beogh against you.
Beogh smites you! The bullfrog completely misses you.
You shoot an arrow. The arrow hits the bullfrog.
The bullfrog is almost dead.
A hound comes into view.
The orc misses you. The orc hits you but does no damage.
A goblin comes into view. It is wielding a +0 club.
The orc priest hits you but does no damage.
The bullfrog misses you.
2909 ||| RETREEEEATING.
The orc attacks as it pursues you! The orc closely misses you.
The orc attacks as it pursues you! The orc closely misses you.
The orc priest attacks as it pursues you!
The orc priest closely misses you. The bullfrog hits you.
You die...

##.##..#######......
#......##.>.##...... .g
#...........##.....# .
#...........##.....#
#.####...##....#......
####'#########....'......
..(.........##...########
.......o....##...##.....#
......oo@................
.......F.%.%.......%.....
######K###..##.#..).#.<.#
#g ################ .h
... .##. .. #. #. ..


You could see a bullfrog, an orc priest, 2 orcs, a hobgoblin and a kobold.

Vanquished Creatures
  Grinder (D:3)
  A bombardier beetle (D:4)
  An iguana (D:4)
  4 adders
  2 ribbon worms (D:2)
  2 dart slugs
  An orc (D:3)
  10 endoplasms
  A giant cockroach (D:1)
  4 goblins
  5 hobgoblins
  5 kobolds
  2 quokkas
  6 ball pythons
  3 bats (D:1)
  4 frilled lizards (D:1)
  6 rats (D:1)
58 creatures vanquished.

Notes
Turn   | Place    | Note
-------+----------+-------------------------------------------
     0 | D:1      | qw the Deep Elf Hunter began the quest for the Orb.
     0 | D:1      | Reached XP level 1. HP: 12/12 MP: 3/3
     0 | D:1      | 0 ||| qw: Version: 0.3-a-155-g5e7d8dd
     0 | D:1      | 0 ||| qw: Game counter: 3461
     0 | D:1      | 0 ||| qw: Melee chars always use a shield: true
     0 | D:1      | 0 ||| qw: God list: Okawaru
     0 | D:1      | 0 ||| qw: Allow faded altars: false
     0 | D:1      | 0 ||| qw: Do Orc after clearing Dungeon:15 true
     0 | D:1      | 0 ||| qw: Do second Lair branch before Depths: true
     0 | D:1      | 0 ||| qw: Lair rune preference: random
     0 | D:1      | 0 ||| qw: Goals: Normal
     0 | D:1      | 0 ||| PLANNING D:1-11
   246 | D:1      | Reached XP level 2. HP: 13/16 MP: 4/4
   260 | D:1      | Reached skill level 6 in Ranged Weapons
   265 | D:1      | 265 ||| READING scroll labelled XUPAYSHR APNO.
   265 | D:1      | 265 ||| IDENTIFYING fizzy yellow potion
   266 | D:1      | 266 ||| DROPPING scroll of butterflies.
   267 | D:1      | 267 ||| DROPPING potion of brilliance.
   550 | D:1      | Reached XP level 3. HP: 20/20 MP: 5/5
   912 | D:1      | 912 ||| UPGRADING to ring of protection from cold.
   913 | D:1      | 913 ||| READING scroll of identify.
   913 | D:1      | 913 ||| IDENTIFYING cyan potion
   914 | D:1      | 914 ||| READING scroll labelled CUEGON XONALEM.
  1015 | D:1      | 1015 ||| DRINKING 2 sapphire potions.
  1016 | D:1      | 1016 ||| DROPPING potion of berserk rage.
  1194 | D:2      | Reached skill level 7 in Ranged Weapons
  1287 | D:2      | Found a faded altar of an unknown god.
  1406 | D:2      | Reached XP level 4. HP: 25/25 MP: 6/6
  1410 | D:2      | 1410 ||| READING scroll of identify.
  1410 | D:2      | 1410 ||| IDENTIFYING red potion
  1585 | D:2      | Found a white marble altar of Elyvilon.
  1807 | D:2      | 1807 ||| UPGRADING to +5 ring of evasion.
  1808 | D:2      | 1808 ||| READING scroll labelled GINOUQ HUFOIL.
  1809 | D:2      | 1809 ||| DROPPING potion of magic.
  2326 | D:3      | Noticed Grinder
  2327 | D:3      | 2327 ||| ZAPPING wand of flame (13) at 6,0 (Grinder;
                  | floor).
  2328 | D:3      | 2328 ||| ZAPPING wand of flame (12) at 5,0 (Grinder;
                  | floor).
  2329 | D:3      | 2329 ||| ZAPPING wand of flame (11) at 4,0 (Grinder;
                  | floor).
  2330 | D:3      | 2330 ||| ZAPPING wand of flame (10) at 7,0 (Grinder;
                  | floor).
  2331 | D:3      | 2331 ||| ZAPPING wand of flame (9) at 6,0 (Grinder; floor).
  2332 | D:3      | 2332 ||| ZAPPING wand of flame (8) at 5,0 (Grinder; floor).
  2333 | D:3      | 2333 ||| ZAPPING wand of flame (7) at 4,0 (Grinder; floor).
  2334 | D:3      | 2334 ||| ZAPPING wand of flame (6) at 4,0 (Grinder; floor).
  2334 | D:3      | Paralysed by Grinder for 5 turns
  2339 | D:3      | 2339 ||| ZAPPING wand of flame (5) at 1,0 (Grinder; floor).
  2340 | D:3      | 2340 ||| FLEEEEING.
  2341 | D:3      | 2341 ||| FLEEEEING.
  2342 | D:3      | 2342 ||| FLEEEEING.
  2343 | D:3      | 2343 ||| FLEEEEING.
  2344 | D:3      | 2344 ||| FLEEEEING.
  2345 | D:3      | 2345 ||| FLEEEEING.
  2346 | D:3      | 2346 ||| FLEEEEING.
  2352 | D:3      | 2352 ||| ZAPPING wand of flame (4) at 1,2 (Grinder; floor).
  2358 | D:3      | 2358 ||| ZAPPING wand of flame (3) at 1,2 (Grinder; floor).
  2359 | D:3      | 2359 ||| ZAPPING wand of flame (2) at 0,1 (Grinder; floor).
  2360 | D:3      | 2360 ||| ZAPPING wand of flame (1) at 0,1 (Grinder; floor).
  2361 | D:3      | HP: 6/25 [Grinder (8)]
  2362 | D:3      | Killed Grinder
  2363 | D:3      | Reached skill level 9 in Ranged Weapons
  2363 | D:3      | Reached XP level 5. HP: 7/29 MP: 7/7
  2363 | D:3      | Reached XP level 6. HP: 8/34 MP: 8/8
  2743 | D:3      | 2743 ||| UPGRADING to +0 scale mail.
  2753 | D:3      | 2753 ||| DROPPING +0 leather armour.
  2754 | D:3      | 2754 ||| UPGRADING to +2 ring mail of cold resistance.
  2764 | D:3      | 2764 ||| DROPPING +0 scale mail.
  2765 | D:3      | 2765 ||| READING 2 scrolls of identify.
  2765 | D:3      | 2765 ||| IDENTIFYING fuming puce potion
  2766 | D:3      | 2766 ||| READING scroll of identify.
  2766 | D:3      | 2766 ||| IDENTIFYING viscous clear potion
  2767 | D:3      | 2767 ||| READING scroll labelled CASTRA HEIH.
  2768 | D:3      | 2768 ||| READING scroll labelled EPHETO PYNO.
  2773 | D:3      | 2773 ||| READING scroll labelled ZUECHOOQIMY.
  2774 | D:3      | 2774 ||| DROPPING potion of attraction.
  2907 | D:4      | HP: 3/35 [orc priest/divine providence (11)]
  2909 | D:4      | 2909 ||| RETREEEEATING.
  2909 | D:4      | Slain by a bullfrog

Levels and vault maps discovered:
D:1:      dpeg_arrival_signposts, layout_loops_ring, minmay_surrounded
D:2:      layout_loops_ring, ebering_ecumenical_altar_abandoned, basic_altar,
          reono_crystal_passage, nicolae_concentric_dashed_squares_wild
D:3:      layout_basic, kennysheep_generic_room_13, uniq_grinder
D:4:      layout_gridville, lemuel_doored_altar, nicolae_zen_rock_garden

Skill      XL: |  1  2  3  4  5  6 |
---------------+-------------------+-----
Ranged Weapons | 6 7 9 |  9.7
Fighting       | 2 |  2.3
Dodging        | |  2.4
Stealth        | |  1.2

Action                     |  1- 3 |  4- 6 || total
---------------------------+-------+-------++-------
   Fire: Shortbow          |   122 |    86 ||   208
  Evoke: Wand              |       |    13 ||    13
    Use: Scroll            |     3 |     7 ||    10
         Potion            |     1 |       ||     1
 Armour: Leather armour    |    27 |     5 ||    32
         Ring mail         |       |    18 ||    18
  Dodge: Dodged            |    37 |    31 ||    68

Table legend:
 A = Non-vault XP
 B = Vault XP
 C = Vault XP percentage of total XP
 D = Non-vault monster count
 E = Vault monster count
 F = Vault count percentage of total count
                 A         B        C        D         E       F
            +---------+---------+-------+---------+---------+-------
      Total |     223 |     278 |  55.5 |      52 |       6 |  10.3
            +---------+---------+-------+---------+---------+-------
        D:1 |      40 |       6 |  13.0 |      25 |       5 |  16.7
        D:2 |      63 |       0 |   0.0 |      12 |       0 |   0.0
        D:3 |      29 |     272 |  90.4 |      10 |       1 |   9.1
        D:4 |      91 |       0 |   0.0 |       5 |       0 |   0.0
            +---------+---------+-------+---------+---------+-------
